 Dungeon Crawl Stone Soup version 0.28-b1-1-g3c77fb2ed1 (webtiles) character file.

Game seed: 18066123154635215497

6 zeram the Sneak (level 1, -4/11 HPs)
             Began as an Octopode Enchanter on Jan 28, 2022.
             Slain by a kobold (5 damage)
             ... on level 1 of the Dungeon.
             The game lasted 00:00:30 (120 turns).

zeram the Sneak (Octopode Enchanter)                 Turns: 120, Time: 00:00:31

Health: -4/11      AC:  1    Str:  7    XL:     1   Next: 90%
Magic:  3/3        EV: 13    Int: 17    God:
Gold:   63         SH:  0    Dex: 12    Spells: 4/4 levels left

rFire   . . .      SeeInvis .   a - +1 dagger
rCold   . . .      Faith    .   (no shield)
rNeg    . . .      Spirit   .   (helmet restricted)
rPois   .          Reflect  .   (no amulet)
rElec   .          Harm     .   (no ring)
rCorr   .          Rampage  .   (no ring)
Will    .....                   (no ring)
Stlth   +++.......              (no ring)
HPRegen 0.03/turn               (no ring)
MPRegen 0.08/turn               (no ring)
                                (no ring)
                                (no ring)

@: no status effects
A: almost no armour, amphibious, 8 rings, camouflage 1, gelatinous body 1,
(nimble swimmer 1), tentacles
a: no special abilities


You were on level 1 of the Dungeon.
You visited 1 branch of the dungeon, and saw 1 of its levels.

You collected 63 gold pieces.

Inventory:

Hand Weapons
 a - a +1 dagger (weapon)
Potions
 b - a potion of invisibility
 c - a potion of ambrosia {unknown}
 d - a potion of might {unknown}


   Skills:
 + Level 1.0 Short Blades
 + Level 2.0 Dodging
 + Level 4.3 Stealth
 + Level 2.0 Spellcasting
 + Level 3.2 Hexes


You had 4 spell levels left.
You didn't know any spells.
Your spell library contained the following spells:

 Spells                   Type           Power      Damage    Failure   Level
 Ensorcelled Hibernation  Hex/Ice        14%        N/A       16%         2
 Confusing Touch          Hex            12%        N/A       16%         3
 Tukima's Dance           Hex            12%        N/A       16%         3
 Dazzling Flash           Conj/Hex       14%        N/A       30%         3


Dungeon Overview and Level Annotations

Branches:
Dungeon (1/15)

Altars:


Innate Abilities, Weirdness & Mutations

You cannot wear most types of armour.
You are amphibious.
You can wear up to eight rings at the same time.
Your skin changes colour to match your surroundings (Stealth+).
Your rubbery body absorbs attacks. (AC +1, EV +1)
((You are camouflaged when in or above water. (Stealth+)))
You have tentacles for arms and can constrict up to eight enemies at once.


Message History

d - a sapphire potion You see here a +2 plate armour of cold resistance.
You now have 63 gold pieces (gained 13).
A kobold and an endoplasm come into view.
Found a robe.
There are monsters nearby!
There are monsters nearby!
There are monsters nearby!
A ball python comes into view.
A dart slug comes into view.
Found a scroll labelled LOBITHR PIPN and a cloak.
The dart slug bites you.
You hit the dart slug. You grab the dart slug.
You squeeze the dart slug, but do no damage.
The dart slug is heavily wounded.
You constrict the dart slug. You hit the dart slug.
The dart slug is severely wounded.
You constrict the dart slug.
The kobold shouts!
The dart slug barely misses you.
The ball python hisses angrily.
You hit the dart slug.
You kill the dart slug!
The kobold barely misses you.
The endoplasm quivers.
You hit the ball python but do no damage.
You grab the ball python.
You constrict the ball python, but do no damage.
The kobold closely misses you. The ball python bites you.
The ball python grabs you. The ball python constricts you.
You hit the ball python but do no damage.
You constrict the ball python, but do no damage.
The ball python barely misses you. The ball python constricts you.
The kobold hits you with a +0 club.
* * * LOW HITPOINT WARNING * * *
You hit the ball python. You squeeze the ball python.
You kill the ball python!
The kobold hits you with a +0 club.
You die...

#.>.........# #........
##..........###.###..#.
.........##..# #
.............###J.#
........##......... .
....##...#.#..#
........?..#.# #
#..#.##..###..#
##.....@K.J....
##....†....?..
##.#.......[.
.....[.......
###.##.#...... ..
...#..... ... .#.#.....
..#. . .......


You could see an endoplasm and a kobold.

Vanquished Creatures
  A dart slug (D:1)
  A ball python (D:1)
  2 quokkas (D:1)
  A bat (D:1)
5 creatures vanquished.

Notes
Turn   | Place    | Note
-------+----------+-------------------------------------------
     0 | D:1      | zeram the Octopode Enchanter began the quest for the Orb.
     0 | D:1      | Reached XP level 1. HP: 11/11 MP: 3/3
   120 | D:1      | Slain by a kobold

Illustrated notes

Levels and vault maps discovered:
D:1:      scummos_arrival_forest, layout_rooms, minmay_misc_feat_more_columns,
          minmay_misc_feat_nine_boxes, minmay_pentomino_z2

Action                   || total
-------------------------++-------
Melee: Dagger            ||    10
       Constrict         ||     3
       Tentacles         ||     3
 Stab: Sleeping          ||     2
Dodge: Dodged            ||     6
